Map: 월드 오브 슬리퍼스 - 래더

Players

Lambo

  • Race: Zerg Zerg
  • Spawn Location: 1:00

Hurricane - Winner!

  • Race: Protoss Protoss
  • Spawn Location: 7:00

Event: IEM Katowice 2020

VOD

Have the link to the VOD?

Description

Time

  • Played on: Feb. 28, 2020, 2:22 p.m.
  • Length: 13:56

All games in this series

Show
View Real Time Build Order
Export as new Build Order

Lambo Zerg 

Build Orders: Hatch First 

Get SALT Encoding   

  12  0:01  Drone  
  13  0:12  Overlord  
  13  0:18  Drone  
  14  0:31  Drone x2  
  16  0:47  Hatchery  
  15  0:51  Drone  
  15  0:54  Drone  
  17  0:57  Drone  
  18  1:08  Extractor  
  17  1:12  Spawning Pool  
  17  1:15  Drone  
  17  1:19  Drone  
  18  1:30  Drone  
  19  1:39  Drone  
  20  1:49  Overlord  
  20  1:59  Queen x2  
  20  2:00  Zergling x2  
  20  2:01  Zergling x2  
  26  2:10  Drone  
  26  2:13  Drone  
  28  2:21  Drone  
  28  2:22  Drone  
  30  2:34  Hatchery  
  30  2:35  Pneumatized Carapace  
  29  2:38  Drone  
  29  2:39  Drone  
  29  2:42  Drone  
  32  2:45  Overlord  
  32  2:53  Queen  
  32  2:55  Drone  
  35  3:00  Drone  
  35  3:05  Drone x2  
  38  3:06  Drone  
  38  3:08  Drone x2  
  40  3:23  Metabolic Boost, Overlord  
  40  3:29  Queen  
  40  3:30  Roach Warren  
  40  3:32  Drone x2  
  43  3:38  Overlord  
  43  3:42  Drone  
  43  3:43  Drone x2  
  43  3:44  Drone  
  43  3:48  Overlord  
  47  3:51  Overlord  
  47  3:52  Drone  
  48  3:58  Drone x3  
  48  4:01  Drone  
  52  4:03  Lair  
  52  4:07  Drone x2  
  52  4:08  Zergling x2  
  55  4:11  Zergling x2  
  55  4:15  Zergling x2  
  55  4:16  Drone x2  
  55  4:17  Drone  
  60  4:18  Extractor  
  60  4:19  Zergling x2  
  60  4:20  Extractor  
  60  4:22  Drone x2  
  61  4:28  Zergling x2  
  61  4:29  Zergling x2  
  61  4:38  Drone  
  62  4:39  Drone x2  
  62  4:41  Overlord  
  62  4:43  Drone x3  
  62  4:44  Overlord  
  67  4:46  Overlord  
  67  4:48  Roach x2  
  67  4:52  Roach  
  73  4:55  Roach  
  73  4:56  Roach  
  73  4:58  Overlord  
  77  5:00  Overlord  
  77  5:03  Overseer  
  77  5:05  Roach  
  77  5:06  Drone x2  
  80  5:07  Glial Reconstitution  
  80  5:18  Drone x6  
  80  5:20  Overseer  
  85  5:24  Drone x3  
  81  5:29  Drone  
  81  5:30  Overseer  
  81  5:36  Drone x2  
  81  5:39  Extractor, Drone, Evolution Chamber  
  81  5:40  Extractor  
  81  5:44  Drone  
  81  5:46  Extractor  
  81  5:47  Drone x3  
  81  5:48  Drone  
  85  5:50  Drone  
  85  5:54  Drone x3  
  89  6:01  Evolution Chamber  
  89  6:02  Roach x2  
  92  6:06  Overlord  
  92  6:07  Queen  
  92  6:08  Zerg Missile Weapons Level 1  
  92  6:10  Roach x2  
  98  6:16  Baneling Nest  
  97  6:23  Roach x2  
  97  6:24  Drone x3  
  104  6:33  Roach x4  
  104  6:34  Roach  
  104  6:35  Hatchery  
  104  6:36  Overlord  
  104  6:38  Zerg Melee Weapons Level 1  
  113  6:41  Overlord  
  113  6:44  Overlord  
  113  6:48  Overlord  
  113  6:49  Overlord  
  113  6:52  Overlord  
  113  6:53  Overlord  
  113  6:56  Overlord  
  113  6:57  Roach x2  
  117  7:02  Roach x3  
  123  7:11  Roach x5  
  133  7:20  Roach x6  
  145  7:27  Roach x3  
  145  7:29  Centrifical Hooks  
  151  7:33  Overlord  
  151  7:34  Roach x2  
  151  7:36  Overlord  
  155  7:37  Ravager x3  
  158  7:46  Roach  
  158  7:47  Roach x4  
  158  7:49  Overlord  
  168  7:53  Roach x3  
  168  7:55  Drone  
  175  8:08  Zergling x18  
  175  8:10  Ravager x6  
  190  8:15  Overlord  
  190  8:16  Zergling x10  
  190  8:18  Ravager x3  
  198  8:21  Zergling x4  
  200  8:39  Baneling  
  200  8:40  Baneling x13  
  200  8:45  Baneling  
  200  8:46  Baneling x2  
  196  8:57  Zergling x24  
  196  8:59  Zergling x12  
  197  9:04  Roach x5  
  197  9:09  Roach x2  
  185  9:10  Overseer, Roach  
  185  9:12  Roach x3  
  172  9:18  Roach  
  172  9:22  Roach  
  172  9:24  Roach  
  154  9:26  Overseer x2  
  154  9:27  Baneling  
  154  9:29  Baneling x5  
  150  9:32  Roach  
  150  9:36  Roach  
  150  9:38  Roach  
  147  9:39  Overseer x2  
  147  9:40  Ravager  
  147  9:45  Roach  
  145  9:49  Zergling x6  
  145  9:50  Zergling x2  
  145  9:51  Overseer  
  145  9:52  Zergling x2  
  131  9:53  Roach  
  131  9:55  Roach  
  134  10:04  Drone x5  
  139  10:10  Zergling x6  
  139  10:12  Zergling x4  
  144  10:17  Drone x3  
  147  10:23  Drone x3  
  147  10:25  Zerg Melee Weapons Level 2  
  147  10:28  Baneling x5  
  150  10:31  Zergling x6  
  153  10:36  Zergling x8  
  155  10:43  Zergling x8  
  155  10:49  Zergling x2  
  162  10:50  Zergling x14  
  162  10:55  Zergling x8  
  166  10:57  Ravager x2  
  166  11:04  Overseer  
  166  11:11  Zergling x14  
  166  11:17  Zergling x2  
  166  11:18  Zergling x10  
  176  11:20  Baneling x8  
  176  11:22  Zergling x4  
  176  11:27  Zergling x10  
  176  11:29  Drone  
  176  11:31  Zergling x6  
  185  11:34  Baneling  
  185  11:37  Drone x3  
  187  11:47  Zergling x14  
  187  11:49  Overseer  
  187  11:54  Zergling x12  
  199  11:56  Zergling x2  
  199  12:01  Zergling x6  
  199  12:09  Baneling x4  
  199  12:10  Baneling x2  
  199  12:12  Baneling  
  199  12:17  Baneling  
  199  12:26  Zergling x2  
  199  12:27  Zergling x2  
  195  12:30  Zergling x6  
  195  12:31  Zergling x20  
  195  12:32  Zergling x4  
  169  12:40  Roach x2  
  162  12:45  Zergling x2, Roach x5  
  162  12:46  Zergling x4  
  159  12:53  Zergling x12  
  165  12:59  Zergling x2  
  165  13:02  Baneling x5  
  165  13:04  Zergling x6  
  165  13:10  Zergling x4, Baneling x3  
  165  13:12  Zergling x6  
  167  13:16  Zergling x2  
  167  13:17  Zergling x2  
  167  13:18  Baneling x3  
  169  13:22  Zergling x2  
  169  13:25  Zergling x10  
  173  13:28  Baneling x2  
  173  13:29  Zergling x2  
  173  13:32  Zergling x2  
  171  13:37  Zergling x6  
Show
View Real Time Build Order
Export as new Build Order

Hurricane Protoss - Winner!

Build Orders: 1 Gate Expand, Archon Immortal, Archon Drop, Dark Templar Rush 

Get SALT Encoding   

  12  0:00  Probe  
  13  0:12  Probe  
  14  0:18  Pylon  
  14  0:24  Probe (Chrono Boost)  
  15  0:37  Probe (Chrono Boost)  
  15  0:39  Gateway  
  16  0:45  Probe (Chrono Boost)  
  16  0:47  Assimilator  
  17  0:51  Probe  
  18  1:03  Probe  
  19  1:15  Probe  
  20  1:24  Nexus  
  20  1:32  Cybernetics Core  
  20  1:35  Probe  
  21  1:41  Assimilator  
  21  1:47  Probe  
  21  1:52  Pylon  
  22  1:59  Probe  
  23  2:07  Adept (Chrono Boost)  
  23  2:11  Probe  
  23  2:14  Robotics Facility  
  26  2:18  Warp Gate  
  26  2:24  Probe  
  27  2:30  Stalker  
  27  2:36  Probe x2 (Chrono Boost)  
  31  2:45  Probe x2 (Chrono Boost)  
  31  2:50  Probe x2 (Chrono Boost)  
  33  2:54  Twilight Council  
  35  3:02  Probe x2  
  35  3:03  Observer (Chrono Boost)  
  38  3:11  Adept  
  40  3:14  Probe  
  40  3:15  Probe  
  40  3:17  Pylon  
  42  3:23  Warp Prism (Chrono Boost)  
  44  3:27  Probe  
  44  3:28  Probe  
  46  3:39  Probe  
  46  3:40  Probe  
  48  3:45  Gateway  
  48  3:47  Dark Shrine  
  48  3:51  Probe  
  48  3:54  Pylon  
  48  3:55  Gateway  
  49  3:57  Probe  
  50  4:04  Assimilator  
  50  4:05  Assimilator  
  50  4:06  Pylon  
  50  4:10  Probe  
  50  4:13  Adept  
  53  4:19  Probe  
  54  4:32  Probe x2, Immortal  
  60  4:42  Nexus  
  60  4:44  Probe  
  61  4:49  Probe  
  61  4:50  Pylon  
  62  4:53  Pylon  
  62  5:00  Dark Templar  
  62  5:01  Dark Templar x2  
  68  5:11  Charge  
  68  5:18  Immortal (Chrono Boost)  
  68  5:19  Probe x2  
  72  5:32  Probe x2, Forge  
  72  5:42  Dark Templar x2  
  74  5:43  Dark Templar  
  74  5:44  Probe x2  
  74  5:46  Gateway  
  74  5:47  Archon  
  74  5:48  Archon  
  80  5:50  Gateway  
  80  5:51  Immortal (Chrono Boost)  
  84  5:59  Probe (Chrono Boost)  
  84  6:00  Probe (Chrono Boost)  
  87  6:04  Probe (Chrono Boost)  
  87  6:11  Probe (Chrono Boost)  
  89  6:12  Probe (Chrono Boost)  
  89  6:15  Probe (Chrono Boost)  
  89  6:16  Probe (Chrono Boost)  
  89  6:17  Sentry  
  93  6:18  Protoss Ground Weapons Level 1 (Chrono Boost)  
  93  6:24  Immortal (Chrono Boost)  
  97  6:30  Gateway  
  97  6:33  Pylon  
  97  6:34  Gateway  
  97  6:35  Gateway  
  97  6:41  Sentry x2  
  97  6:45  Pylon  
  101  6:48  Assimilator x2  
  101  6:51  Probe x2, Pylon  
  101  6:54  Immortal (Chrono Boost)  
  103  6:57  Pylon  
  107  7:03  Sentry  
  109  7:09  Shield Battery  
  109  7:10  Photon Cannon  
  109  7:12  Photon Cannon  
  109  7:14  Zealot x3, Shield Battery  
  109  7:15  Observer  
  115  7:17  Probe x3  
  118  7:31  Immortal, Templar Archives  
  118  7:35  Pylon  
  118  7:36  Photon Cannon  
  122  7:39  Dark Templar  
  124  7:45  Zealot x4  
  124  7:48  Pylon  
  132  8:11  High Templar x2  
  132  8:12  High Templar x2, Zealot x4  
  148  8:15  Pylon  
  148  8:17  Pylon  
  148  8:18  Pylon, Nexus  
  148  8:20  Archon  
  148  8:21  Pylon, Archon  
  148  8:34  Protoss Ground Weapons Level 2, Pylon  
  148  8:35  Pylon  
  148  8:40  Zealot x4  
  155  8:46  Immortal  
  155  8:48  High Templar x2, Zealot  
  163  8:53  Archon, Zealot  
  163  9:06  Zealot x4  
  141  9:15  Zealot x2  
  131  9:21  Zealot x2  
  131  9:22  Warp Prism (Chrono Boost)  
  119  9:27  High Templar x2  
  119  9:28  High Templar x2  
  125  9:32  Archon x2  
  113  9:39  Shield Battery  
  113  9:40  Zealot x2  
  113  9:41  Shield Battery  
  107  9:48  Zealot x2  
  107  9:51  Immortal (Chrono Boost)  
  103  10:01  Zealot x6  
  103  10:02  Gateway  
  115  10:10  Blink (Chrono Boost)  
  115  10:13  Probe x4  
  119  10:15  Assimilator  
  119  10:18  Sentry x2  
  119  10:19  Photon Cannon  
  123  10:22  Dark Templar  
  125  10:35  Observer (Chrono Boost)  
  126  10:47  Dark Templar  
  126  10:49  High Templar, Immortal (Chrono Boost)  
  128  10:50  High Templar x3, Zealot x2  
  128  10:55  Archon x2  
  138  10:58  Photon Cannon  
  138  10:59  Protoss Ground Weapons Level 3 (Chrono Boost), Dark Templar, Zealot  
  138  11:00  Shield Battery  
  142  11:18  Dark Templar  
  142  11:19  Immortal (Chrono Boost), Zealot x3  
  154  11:30  Zealot x4  
  160  11:40  High Templar x2  
  162  11:47  Archon  
  162  11:48  Zealot x2  
  164  12:01  Dark Templar x2  
  164  12:02  Zealot x3  
  164  12:05  Archon  
  174  12:10  Photon Cannon  
  174  12:11  Dark Templar  
  174  12:12  Dark Templar, Shield Battery  
  174  12:13  Stalker x2  
  174  12:15  Immortal (Chrono Boost), Photon Cannon  
  182  12:16  Archon  
  186  12:24  Zealot x3  
  192  12:34  Zealot x2  
  137  12:52  Stalker x6  
  137  12:56  Dark Templar x2  
  137  12:57  Dark Templar  
  153  12:59  Pylon  
  153  13:02  Archon  
  153  13:11  Immortal (Chrono Boost)  
  147  13:19  Dark Templar x2, Zealot x2  
  155  13:26  Nexus  
  155  13:30  Zealot x4  
  155  13:33  Zealot  
  165  13:37  Archon  
  157  13:43  Zealot x2  
  128  13:50  Zealot  
  128  13:51  Zealot x3  

Tags
 
Add a new tag
Caveats
  • Supply blocks, unpowered buildings, or Contaminate may cause inaccurate times.
  • Supply counts are checked every 10 seconds.